Construct Section Command Post
Selects Heavy Armor Battlegroup
Construct Field Infirmary
Selects Light Vehicle Withdraw and Refit
Construct Platoon Command Post
Selects Engineer Detachments
6-pounder Anti-tank Gun Team
6-pounder Anti-tank Gun Team
Construct Company Command Post
Light Vehicle Withdraw and Refit
Selects Forward Repair Assembly
Selects UNKNOWN (2162094)
Unlock Bishop Self-propelled Artillery
Bishop Self-propelled Artillery
Unlock Towed 17-pounder Anti-tank Guns
17-pounder Anti-tank Gun Team